Construct Section Command Post
Selects Air and Sea Battlegroup
Construct Platoon Command Post
Selects Commando Section Paradrop
Unlock M3 Stuart Light Tanks
Selects M1 Pack Howitzer Paradrop
M1 Pack Howitzer Paradrop
Selects Incendiary Bombing Run
Construct Company Command Post
Commando Section Paradrop
Commando Section Paradrop
Selects Centaur Medium Tank
Selects Naval Bombardment
Unlock M3 Grant Medium Tanks
Unlock Towed 17-pounder Anti-tank Guns